AoeStats
← Fives

Arabia

510909298Analyzed
2v2 RM · 19h ago on Oct 3, 2026· 44m 32s· 4 players
Game mode
Random Map
Map size
Medium (4 player)
Population
200
Speed
Normal
Resources
Standard
Victory
Conquest
Starting age
Dark Age
Ending age
Imperial Age
RankedLock teamsTeams togetherTeam positionsShared explorationLock speedFull tech treeHidden civsTurbo modeCheats
Victory
Defeat
🇫🇷 Khmer · France
908
+15
🇦🇺 Danes · Australia
838
+18
🇧🇷 Magyars · Brazil
911
-18
🇧🇷 Cumans · Brazil
846
-15
dollarbill_br
3:42 Loom
11:08 Feudal Age
13:44 Double-Bit Axe
16:03 Man-at-Arms
17:37 Horse Collar
25:07 Scale Mail Armor
25:37 Gold Mining
25:41 Stone Mining
28:59 Wheelbarrow
32:02 Castle Age
31:56 Forging
33:01 Pikeman
33:42 Squires
35:34 Bow Saw
38:39 Chain Mail Armor
39:01 Iron Casting
aroldera
6:49 Loom
9:41 Feudal Age
21:42 Bloodlines
33:07 Castle Age
42:29 Double-Bit Axe
42:31 Horse Collar
43:29 Pikeman
uselessplayer
12:10 Feudal Age
10:27 Loom
13:45 Feudal Age
16:31 Castle Age
14:55 Double-Bit Axe
14:51 Horse Collar
15:15 Gold Mining
16:23 Bloodlines
16:28 Town Watch
19:06 Husbandry
20:46 Forging
22:38 Scale Barding Armor
28:02 Wheelbarrow
29:48 Stone Mining
30:11 Bow Saw
30:02 Heavy Plow
33:40 Imperial Age
34:53 Gold Shaft Mining
34:50 Chain Barding Armor
35:05 Iron Casting
36:31 Plate Barding Armor
36:08 Light Cavalry
37:14 Conscription
37:42 Tusk Swords
38:54 Crop Rotation
40:32 Blast Furnace
41:05 Hand Cart
40:50 Town Patrol
42:27 Capped Ram
42:38 Elite Battle Elephant
Fives
11:58 Feudal Age
12:53 Man-at-Arms
18:26 Arson
22:43 Castle Age
23:27 Stone Mining
Connection lost

Rejoining the realm…

Still unreachable

The connection could not be restored.

Session expired

The server has moved on; the page needs a fresh start.